 Dungeon Crawl Stone Soup version 0.29.1-15-g9cfb28693d (webtiles) character file.

Game seed: 12170660712793514121

2 leafyfresh the Covert (level 1, -6/20 (23) HPs)
             Began as a Gnoll Delver on June 30, 2023.
             Mangled by a hell rat (10 damage)
             ... in a sewer.
             The game lasted 00:00:49 (172 turns).

leafyfresh the Covert (Gnoll Delver)                 Turns: 172, Time: 00:00:50

HP:   -6/20 (23)    AC:  3    Str: 11    XL:     1   Next: 30%
MP:   1/1           EV: 13    Int:  9    God:
Gold: 0             SH:  0    Dex: 13    Spells: 0/0 levels left

rFire   . . .      SeeInvis .   a - +0 short sword
rCold   . . .      Faith    .   (no shield)
rNeg    . . .      Spirit   .   b - +0 leather armour
rPois   .          Reflect  .   (no helmet)
rElec   .          Harm     .   (no cloak)
rCorr   .          Rampage  .   (no gloves)
Will    .....                   (no boots)
Stlth   ++++......              (no amulet)
HPRegen 0.06/turn               (no ring)
MPRegen 0.07/turn               (no ring)

@: heavily drained
A: fangs 1, strong nose, distributed training
a: no special abilities


You were in a sewer.
You visited 1 branch of the dungeon, and saw 1 of its levels.
You also visited: Sewer.

Inventory:

Hand Weapons
 a - a +0 short sword (weapon)
Armour
 b - a +0 leather armour (worn)
Wands
 g - a wand of digging (3)
Scrolls
 c - a scroll of fog
 e - a scroll of fear
Potions
 f - a potion of haste


   Skills:
 + Level 6.4 Fighting
 + Level 4.4 Short Blades
 + Level 0.0 Long Blades
 + Level 0.0 Axes
 + Level 0.0 Maces & Flails
 + Level 0.0 Polearms
 + Level 0.0 Staves
 + Level 0.0 Ranged Weapons
 + Level 0.0 Throwing
 + Level 0.0 Armour
 + Level 4.4 Dodging
 + Level 9.5 Stealth
 + Level 0.0 Shields
 + Level 0.0 Unarmed Combat
 + Level 0.0 Spellcasting
 + Level 0.0 Conjurations
 + Level 0.0 Hexes
 + Level 0.0 Summonings
 + Level 0.0 Necromancy
 + Level 0.0 Translocations
 + Level 0.0 Transmutations
 + Level 0.0 Fire Magic
 + Level 0.0 Ice Magic
 + Level 0.0 Air Magic
 + Level 0.0 Earth Magic
 + Level 0.0 Poison Magic
 + Level 0.1 Invocations
 + Level 0.0 Evocations


You couldn't memorise any spells.
You didn't know any spells.
Your spell library was empty.

Dungeon Overview and Level Annotations

Branches:
Dungeon (5/15)              Sewer (1/1)
 Temple: D:4-7

Altars:


Innate Abilities, Weirdness & Mutations

You have very sharp teeth.
Your uncanny sense of smell can sniff out nearby items.
Your experience applies equally to all skills.


Message History

The rat bites you but does no damage.
You barely miss the rat. The rat bites you but does no damage.
You hit the rat.
You kill the rat!
You see here a rat corpse.
You start resting.
HP restored.
You start waiting.
Done waiting.
You enter the shallow water.
Moving in this stuff is going to be slow.
You enter the shallow water.
Moving in this stuff is going to be slow.
You enter the shallow water.
Moving in this stuff is going to be slow.
You enter the shallow water.
Moving in this stuff is going to be slow.
You enter the shallow water.
Moving in this stuff is going to be slow.
You open the door.
A hell rat comes into view.
Found four items.
Found a gate leading back out of this place.
Found a black potion, a coppery potion and a scroll of fear.
There is an open door here.
You enter the shallow water.
Moving in this stuff is going to be slow.
Your unstable footing causes you to fumble your attack.
Unknown command.
You see here a scroll labelled SIAHAU DATU.
The hell rat roars deafeningly!
The hell rat bites you.
You feel drained.
You see here a green potion.
You hit the hell rat but do no damage. The hell rat bites you!
Ouch! That really hurt!
You feel drained.
* * * LOW HITPOINT WARNING * * *
You completely miss the hell rat. The hell rat bites you!
Ouch! That really hurt!
You die...

#########
###~~~∩.~~###
###~~~..∩~~~~~###
#.~~~.#####~~.~~#
##~~~###!∩?###~.~##
#...##~?@?!!~##~~~#
#.~~#..~~r~~.~#.~~#
#...##~~~~~~~##..~#
##~.~###.~~###~.~##
#.~.~.##'##..~..#
###..†~....~.~###
###~~.~~..###
#########


You could see a hell rat.

Vanquished Creatures
  3 rats (Sewer)
3 creatures vanquished.

Notes
Turn   | Place    | Note
-------+----------+-------------------------------------------
     0 | D:5      | Reached skill level 9 in Stealth
     0 | D:5      | leafyfresh the Gnoll Delver began the quest for the Orb.
     0 | D:5      | Reached XP level 1. HP: 23/23 MP: 1/1
     8 | D:5      | Noticed a scorpion
     9 | Sewer    | Entered a sewer
   163 | Sewer    | Noticed a hell rat
   172 | Sewer    | Mangled by a hell rat

Illustrated notes

Levels and vault maps discovered:
D:5:      cheibrodos_two_vegetables, layout_cave_pools,
          cheibrodos_sewer_entry_sluice, serial_shops, shop_fountains, uniq_ijyb
Sewer:    sewer_hellmonk_bad_rat

Skill      XL: | |
---------------+-+-----
Stealth        | |  9.5
Fighting       | |  6.4
Short Blades   | |  4.4
Dodging        | |  4.4
Invocations    | |  0.1

Action                   || total
-------------------------++-------
Melee: Short sword       ||    12
  Use: Scroll            ||     1
Armor: Leather armour    ||    11
Dodge: Dodged            ||     7
